 Dungeon Crawl Stone Soup version 0.30-a0-777-ga9a30cbeda (webtiles) character file.

Game seed: 559420584118954662

1832 Dirtsage the Cleaver (level 8, -2/58 HPs)
             Began as a Demonspawn Fighter on Feb 14, 2023.
             Was a Follower of Qazlal.
             Slain by a yak (9 damage)
             ... on level 5 of the Dungeon.
             The game lasted 00:08:30 (4402 turns).

Dirtsage the Cleaver (Demonspawn Fighter)           Turns: 4402, Time: 00:08:30

Health: -2/58      AC: 10    Str: 19    XL:     8   Next: 86%
Magic:  21/21      EV:  9    Int:  9    God:    Qazlal [*.....]
Gold:   270        SH: 10    Dex: 13    Spells: 7/7 levels left

rFire   . . .      SeeInvis .    a - +0 war axe
rCold   . . .      Faith    .    c - +0 buckler
rNeg    . . .      Spirit   .    b - +0 scale mail
rPois   .          Reflect  .    (helmet restricted)
rElec   .          Harm     .    t - +0 cloak
rCorr   .          Rampage  .    (no gloves)
Will    .....                    (no boots) Stlth
                                 A - amulet of the acrobat
HPRegen 0.29/turn                x - ring of magical power
MPRegen 0.17/turn                (no ring)

@: no status effects
A: horns 1, yellow scales 2, spiny 1, condensation shield
a: Renounce Religion


You were on level 5 of the Dungeon.
You worshipped Qazlal.
Qazlal was aware of your devotion.
You visited 2 branches of the dungeon, and saw 6 of its levels.

You collected 270 gold pieces.

Inventory:

Hand Weapons
 a - a +0 war axe (weapon)
Armour
 b - a +0 scale mail (worn)
 c - a +0 buckler (worn)
 t - a +0 cloak (worn)
Jewellery
 l - a ring of ice
 x - a ring of magical power (left hand)
 A - an amulet of the acrobat (around neck)
Wands
 j - a wand of flame (10)
 C - a wand of roots (11)
Scrolls
 e - 2 scrolls of teleportation {unknown}
 f - 3 scrolls of fear {unknown}
 h - 3 scrolls of fog {unknown}
 n - 3 scrolls of amnesia {unknown}
 o - 3 scrolls of identify {unknown}
 u - a scroll of noise {unknown}
 v - a scroll of brand weapon {unknown}
 w - a scroll of blinking {unknown}
 y - a scroll of vulnerability {unknown}
 z - a scroll of enchant weapon {unknown}
Potions
 d - a potion of might
 g - a potion of mutation {unknown}
 i - 2 potions of lignification {unknown}
 k - 2 potions of resistance {unknown}
 m - 2 potions of attraction {unknown}
 p - 5 potions of heal wounds {unknown}
 q - 5 potions of curing
 r - a potion of haste {unknown}
 s - a potion of magic {unknown}
 B - a potion of degeneration {unknown}
 D - a potion of cancellation {unknown}
 E - a potion of ambrosia {unknown}
 F - a potion of brilliance {unknown}


   Skills:
 - Level 3.0 Fighting
 * Level 9.7 Axes
 - Level 2.6 Armour
 - Level 2.6 Shields
 + Level 6.3 Invocations


You had 7 spell levels left.
You didn't know any spells.
Your spell library contained the following spells:

 Spells                   Type           Power      Damage    Failure   Level
 Apportation              Tloc           0%         N/A       86%         1
 Magic Dart               Conj           0%         1d3       86%         1
 Call Imp                 Summ           0%         N/A       94%         2
 Mephitic Cloud           Conj/Pois/Air  0%         N/A       99%         3
 Alistair's Intoxication  Tmut/Pois      0%         N/A       100%        5
 Summon Forest            Summ/Tloc      0%         N/A       100%        5
 Eringya's Noxious Bog    Tmut/Pois      0%         N/A       100%        6
 Summon Hydra             Summ           0%         N/A       100%        7


Dungeon Overview and Level Annotations

Branches:
Dungeon (5/15)             Temple (1/1) D:4

Altars:
Ashenzari
Cheibriados
Gozag
Hepliaklqana
Makhleb
Nemelex Xobeh
Okawaru
Qazlal
Ru
Trog
Uskayaw
Wu Jian
Xom
Yredelemnul

Shops:
D:3 =:


Innate Abilities, Weirdness & Mutations

You have a pair of small horns on your head.
You are mostly covered in yellow scales. (AC +3)
You are partially covered in sharp spines.
A meltable shield of frost defends you. (SH +4)


Message History

The yak is almost dead.
The yak gores you but does no damage.
You closely miss the yak. Your headbutt misses the yak.
The yak is almost dead.
You block the yak's attack. The yak closely misses you.
You slash the yak!
You kill the yak!
Qazlal accepts your kill.
You hit the yak.
The yak is lightly wounded.
The yak gores you!
* * * LOW HITPOINT WARNING * * *
You take 10 damage, and have 12/58 hp.
You barely miss the yak. You headbutt the yak.
The yak is moderately wounded.
The yak gores you.
* * * LOW HITPOINT WARNING * * *
You take 5 damage, and have 7/58 hp.
You completely miss the yak.
The yak is moderately wounded.
The yak barely misses you.
You hit the yak but do no damage.
The yak is moderately wounded.
You block the yak's attack.
You slash the yak!
The yak is heavily wounded.
You block the yak's attack.
You barely miss the yak.
The yak is heavily wounded.
The yak is struck by your spines. The yak gores you.
* * * LOW HITPOINT WARNING * * *
You take 2 damage, and have 6/58 hp.
It was a potion of curing.
You feel better.
q - 5 potions of curing;
j - a wand of flame (10)
The yak gores you.
* * * LOW HITPOINT WARNING * * *
You slash the yak!
The yak is almost dead.
The yak is struck by your spines. The yak gores you!
You die...

...>....#≈>_≈#..#
....#...#≈⌠.≈#..#
##......#≈≈≈ #..#
##.....######..#
##............# #......
#...†........#
#........##.##..#.#...##
.............######.(##
#..... ####@# ##..######
##.... ##Y# #....#.#.#
.#..... ###..#######.....#.##
......Y##......#.#..........#
.....#.#..........#.#.......
.....?.............####......
.................#.## #....<.
.................#..###......
...##.......#........<......#


You could see a yak.

Vanquished Creatures
  Sigmund (D:2)
  4 yaks (D:5)
  3 water moccasins
  A black bear (D:5)
  A phantom (D:5)
  2 necrophages
  2 scorpions
  2 hounds (D:5)
  An orc priest (D:3)
  Crazy Yiuf (D:2)
  2 iguanas
  2 orc wizards
  4 adders
  3 gnolls (D:4)
  A shadow imp (D:5)
  3 worms
  5 dart slugs
  11 orcs
  4 endoplasms
  5 giant cockroaches
  7 goblins
  11 hobgoblins
  6 jackals
  5 quokkas
  9 ball pythons
  2 bats (D:2)
  4 frilled lizards (D:1)
  11 kobolds
  7 rats
120 creatures vanquished.

Vanquished Creatures (others)
  4 fungi (D:2)
4 creatures vanquished.

Grand Total: 124 creatures vanquished

Notes
Turn   | Place    | Note
-------+----------+-------------------------------------------
     0 | D:1      | Dirtsage the Demonspawn Fighter began the quest for the
                  | Orb.
     0 | D:1      | Reached XP level 1. HP: 18/18 MP: 1/1
    35 | D:1      | Reached skill level 2 in Axes
   144 | D:1      | Gained mutation: A meltable shield of frost defends you.
                  | (SH +4) [demonic ancestry]
   144 | D:1      | Reached XP level 2. HP: 24/24 MP: 2/2
   206 | D:1      | Reached skill level 3 in Axes
   234 | D:1      | Found a faded altar of an unknown god.
   387 | D:1      | Gained mutation: You are partially covered in yellow
                  | scales. (AC +2) [demonic ancestry]
   387 | D:1      | Reached XP level 3. HP: 22/29 MP: 3/3
   425 | D:1      | You fall into a shaft and drop 1 floor!
  1073 | D:2      | Found a runed translucent door.
  1074 | D:2      | Noticed Crazy Yiuf
  1144 | D:2      | Reached XP level 4. HP: 35/35 MP: 4/4
  1145 | D:2      | Reached skill level 4 in Axes
  1273 | D:2      | Noticed Sigmund
  1391 | D:2      | Killed Sigmund
  1392 | D:2      | Reached skill level 5 in Axes
  1392 | D:2      | Gained mutation: You have a pair of small horns on your
                  | head. [demonic ancestry]
  1392 | D:2      | Reached XP level 5. HP: 18/41 MP: 5/5
  1754 | D:2      | Killed Crazy Yiuf
  1860 | D:3      | Found Hophivupt's Jewellery Shop.
  2057 | D:3      | Gained mutation: You are partially covered in sharp spines.
                  | [demonic ancestry]
  2057 | D:3      | Reached XP level 6. HP: 47/47 MP: 6/6
  2091 | D:3      | Noticed a water moccasin
  2106 | D:3      | Killed a water moccasin
  2107 | D:3      | Reached skill level 6 in Axes
  2254 | D:3      | Found Fumemo's Book Shop.
  2511 | D:3      | Found an ornate altar of the Wu Jian Council.
  3024 | D:4      | Found a staircase to the Ecumenical Temple.
  3043 | Temple   | Entered the Ecumenical Temple
  3251 | Temple   | Became a worshipper of Qazlal Stormbringer
  3390 | D:4      | Reached skill level 7 in Axes
  3396 | D:4      | Reached XP level 7. HP: 29/52 MP: 7/7
  3549 | D:4      | Reached skill level 1 in Invocations
  3602 | D:4      | Reached * piety under Qazlal
  3783 | D:5      | Entered Level 5 of the Dungeon
  3919 | D:5      | Found a shimmering altar of Xom.
  3949 | D:5      | Reached skill level 8 in Axes
  4008 | D:5      | Gained mutation: You are mostly covered in yellow scales.
                  | (AC +3) [demonic ancestry]
  4008 | D:5      | Reached XP level 8. HP: 44/58 MP: 10/10
  4045 | D:5      | HP: 2/58 [poisoned by a water moccasin]
  4374 | D:5      | Reached skill level 9 in Axes
  4374 | D:5      | Reached skill level 5 in Invocations
  4402 | D:5      | Slain by a yak

Illustrated notes

Levels and vault maps discovered:
D:1:      wander_arrival_lonely_grave, layout_loops_cross,
          shapermc_ecumenical_altar_starsandcircs, minmay_distorted
D:2:      layout_loops_cross, uniq_crazy_yiuf_cottage, uniq_sigmund
D:3:      layout_basic, old_standard_altar, serial_shops,
          nicolae_shop_waterfront, shop_statue
D:4:      layout_rooms, minmay_temple_entry_wispy
D:5:      layout_cave_pools, general_overflow_altar
Temple:   regret_index_temple_generic_petals

Skill      XL: |  1  2  3  4  5  6  7  8 |
---------------+-------------------------+-----
Axes           | 2 3 5 7 8 9 |  9.7
Invocations    | 3 6 |  6.3
Fighting       | |  3.0
Armour         | |  2.6
Shields        | |  2.6

Action                     |  1- 3 |  4- 6 |  7- 9 || total
---------------------------+-------+-------+-------++-------
  Melee: War axe           |   116 |   123 |   101 ||   340
         Headbutt          |       |    11 |    10 ||    21
  Evoke: Wand              |       |     1 |       ||     1
    Use: Potion            |       |       |     1 ||     1
 Armour: Scale mail        |    46 |    47 |    37 ||   130
  Dodge: Dodged            |    51 |    48 |    29 ||   128
  Block: Buckler           |    48 |    56 |    41 ||   145

Table legend: (Time is in decaauts)
 A = Elapsed time spent in this place.
 B = Non-inter-level travel time spent in this place.
 C = Inter-level travel time spent in this place.
 D = Time resting spent in this place.
 E = Time spent auto-exploring this place.
 F = Levels seen in this place.
 G = Mean time per level.
                   A        B        C        D        E       F      G
               +--------+--------+--------+--------+--------+-----+--------+
         Total |   4493 |   4226 |    267 |    157 |   3267 |   6 |  748.8 |
       Dungeon |   4248 |   4056 |    192 |    157 |   3112 |   5 |  849.6 |
        Temple |    244 |    169 |     75 |      0 |    155 |   1 |  244.0 |
               +--------+--------+--------+--------+--------+-----+--------+

Top non-repeatable levels by time:
     D:3: 1211 daAuts
     D:2: 952 daAuts
     D:1: 911 daAuts
     D:5: 629 daAuts
     D:4: 544 daAuts
  Temple: 244 daAuts
